SAA
LONG ISLAND SEAWOLVES @ GLENDALE HERONS
07/12/2021
 
TOP OF THE 1ST
Long Island Seawolves batting - Pitching for Glendale Herons : RHP Jesús López
Pitching: RHP Jesús López
Batting: RHB Jim Unknown 0-0: Foul Ball, location: 2F
0-1: Ground out 5-3 (Groundball, 5)
Batting: RHB David Morales 0-0: Foul Ball, location: 2F
0-1: Ball
1-1: Foul Ball, location: 2F
1-2: Ground out 1-3 (Groundball, 25)
Batting: RHB Francisco García 0-0: Called Strike
0-1: Fly out, F9 (Popup, 3D)
Top of the 1st over - 0 run(s), 0 hit(s), 0 error(s), 0 left on base; Long Island 0 - Glendale 0
BOTTOM OF THE 1ST
Glendale Herons batting - Pitching for Long Island Seawolves : RHP Jim Unknown
Pitching: RHP Jim Unknown
Batting: LHB Pedro Rodríguez 0-0: Called Strike
0-1: Ground out 2-3 (Groundball, 23)
Batting: RHB Ángel Ruezga 0-0: Fly out, F9 (Flyball, 9M)
Batting: LHB Chris McKinney 0-0: Ball
1-0: Called Strike
1-1: Ground out 4-3 (Groundball, 4)
Bottom of the 1st over - 0 run(s), 0 hit(s), 0 error(s), 0 left on base; Long Island 0 - Glendale 0
TOP OF THE 2ND
Long Island Seawolves batting - Pitching for Glendale Herons : RHP Jesús López
Batting: RHB Roy Clay 0-0: Foul Ball, location: 2F
0-1: Fly out, F6 (Popup, 6D)
Batting: RHB Jim Unknown 0-0: Called Strike
0-1: Swinging Strike
0-2: Ball
1-2: Foul Ball, location: 2F
1-2: Ball
2-2: Ball
3-2: Foul Ball, location: 2F
3-2: DOUBLE (Line Drive, 78M)
Batting: SHB Jim Unknown 0-0: Ball
1-0: Foul Ball, location: 2F
1-1: SINGLE (Line Drive, 7S)
Jim Unknown to third
Batting: SHB Terry Conley 0-0: Called Strike
0-1: Fly out, F1 (Popup, 25)
Batting: LHB Jim Unknown 0-0: Ball
1-0: Ball
2-0: Called Strike
2-1: SINGLE (Flyball, 8RS)
Jim Unknown scores
Jim Unknown to second
Batting: RHB Jim Unknown 0-0: Called Strike
0-1: Swinging Strike
0-2: Ball
1-2: Ball
2-2: Strikes out swinging
Top of the 2nd over - 1 run(s), 3 hit(s), 0 error(s), 2 left on base; Long Island 1 - Glendale 0
BOTTOM OF THE 2ND
Glendale Herons batting - Pitching for Long Island Seawolves : RHP Jim Unknown
Batting: RHB Sake van Arem 0-0: Foul Ball, location: 2F
0-1: Ground out 6-3 (Groundball, 6)
Batting: LHB Sixto Álvarez 0-0: Ball
1-0: Ball
2-0: SINGLE (Groundball, 56D)
Batting: LHB José Rodríguez 0-0: Called Strike
0-1: Ball
1-1: Foul Ball, location: 2F
1-2: Ball
2-2: SINGLE (Groundball, 6M)
Sixto Álvarez to second
Batting: RHB Héctor Moreno 0-0: 3-RUN HOME RUN (Flyball, 7D), Distance : 382 ft
Batting: RHB José Mata 0-0: Foul Ball, location: 2F
0-1: Ball
1-1: SOLO HOME RUN (Line Drive, 7D), Distance : 378 ft
Batting: SHB Wilbert Carter 0-0: Ground out 4-3 (Groundball, 34)
Batting: LHB Pedro Rodríguez 0-0: SINGLE (Groundball, 34D)
Batting: RHB Ángel Ruezga 0-0: Called Strike
0-1: Foul Ball, location: 2F
0-2: Fly out, F8 (Flyball, 8LM)
Bottom of the 2nd over - 4 run(s), 5 hit(s), 0 error(s), 1 left on base; Long Island 1 - Glendale 4
TOP OF THE 3RD
Long Island Seawolves batting - Pitching for Glendale Herons : RHP Jesús López
Batting: RHB Jim Unknown 0-0: Called Strike
0-1: Fly out, F9 (Flyball, 89M)
Batting: RHB David Morales 0-0: Ball
1-0: Ball
2-0: Ball
3-0: Called Strike
3-1: Fly out, F7 (Flyball, 7D)
Batting: RHB Francisco García 0-0: Called Strike
0-1: Fly out, F7 (Flyball, 7S)
Top of the 3rd over - 0 run(s), 0 hit(s), 0 error(s), 0 left on base; Long Island 1 - Glendale 4
BOTTOM OF THE 3RD
Glendale Herons batting - Pitching for Long Island Seawolves : RHP Jim Unknown
Batting: LHB Chris McKinney 0-0: Ball
1-0: Ball
2-0: Called Strike
2-1: Foul Ball, location: 2F
2-2: Strikes out looking
Batting: RHB Sake van Arem 0-0: Foul Ball, location: 2F
0-1: SINGLE (Groundball, 6MD)
Batting: LHB Sixto Álvarez 0-0: Called Strike
0-1: Ball
1-1: Ball
2-1: Fielders Choice at 2nd, 3-6 (Groundball, 34)
Batting: LHB José Rodríguez 0-0: Fielders Choice at 2nd, U4 (Groundball, 4M)
Bottom of the 3rd over - 0 run(s), 1 hit(s), 0 error(s), 1 left on base; Long Island 1 - Glendale 4
TOP OF THE 4TH
Long Island Seawolves batting - Pitching for Glendale Herons : RHP Jesús López
Batting: RHB Roy Clay 0-0: Fly out, F7 (Flyball, 78M)
Batting: RHB Jim Unknown 0-0: Called Strike
0-1: Ball
1-1: Ball
2-1: Swinging Strike
2-2: Ball
3-2: DOUBLE (Groundball, 5L)
Batting: SHB Jim Unknown 0-0: Ball
1-0: Ball
2-0: Foul Ball, location: 2F
2-1: Foul Ball, location: 2F
2-2: 2-RUN HOME RUN (Flyball, 89XD), Distance : 419 ft
Batting: SHB Terry Conley 0-0: Ball
1-0: Ball
2-0: Ball
3-0: Called Strike
3-1: Foul Ball, location: 2F
3-2: Foul Ball, location: 2F
3-2: Foul Ball, location: 2F
3-2: Foul Ball, location: 2F
3-2: Base on Balls
Batting: LHB Jim Unknown 0-0: Ball
Terry Conley steals 2nd base
1-0: Ball
2-0: Called Strike
2-1: Swinging Strike
2-2: Ball
3-2: Strikes out swinging
Batting: RHB Jim Unknown 0-0: Fly out, F7 (Flyball, 78M)
Top of the 4th over - 2 run(s), 2 hit(s), 0 error(s), 1 left on base; Long Island 3 - Glendale 4
BOTTOM OF THE 4TH
Glendale Herons batting - Pitching for Long Island Seawolves : RHP Jim Unknown
Batting: RHB Héctor Moreno 0-0: Fly out, F6 (Line Drive, 6)
Batting: RHB José Mata 0-0: Called Strike
0-1: Called Strike
0-2: Ball
1-2: Strikes out swinging
Batting: SHB Wilbert Carter 0-0: SINGLE (Groundball, 34D)
Batting: LHB Pedro Rodríguez 0-0: Ball
1-0: Ball
2-0: Called Strike
2-1: Fielders Choice at 2nd, U4 (Groundball, 4M)
Bottom of the 4th over - 0 run(s), 1 hit(s), 0 error(s), 1 left on base; Long Island 3 - Glendale 4
TOP OF THE 5TH
Long Island Seawolves batting - Pitching for Glendale Herons : RHP Jesús López
Batting: RHB Jim Unknown 0-0: Ball
1-0: Called Strike
1-1: Swinging Strike
1-2: Foul Ball, location: 2F
1-2: Strikes out swinging
Batting: RHB David Morales 0-0: Ball
1-0: Called Strike
1-1: Ground out 6-3 (Groundball, 6)
Batting: RHB Francisco García 0-0: Ball
1-0: Ball
2-0: SINGLE (Flyball, 89S) - OUT at second base trying to stretch hit.
Top of the 5th over - 0 run(s), 1 hit(s), 0 error(s), 0 left on base; Long Island 3 - Glendale 4
BOTTOM OF THE 5TH
Glendale Herons batting - Pitching for Long Island Seawolves : RHP Jim Unknown
Batting: RHB Ángel Ruezga 0-0: Foul Ball, location: 2F
0-1: Ground out 6-3 (Groundball, 6MD)
Batting: LHB Chris McKinney 0-0: Ball
1-0: Foul Ball, location: 2F
1-1: Called Strike
1-2: Foul Ball, location: 2F
1-2: Ball
2-2: Fly out, F8 (Flyball, 8RM)
Batting: RHB Sake van Arem 0-0: Fly out, F8 (Flyball, 8RM)
Bottom of the 5th over - 0 run(s), 0 hit(s), 0 error(s), 0 left on base; Long Island 3 - Glendale 4
TOP OF THE 6TH
Long Island Seawolves batting - Pitching for Glendale Herons : RHP Jesús López
Batting: RHB Roy Clay 0-0: Foul Ball, location: 2F
0-1: Ball
1-1: Ball
2-1: Fly out, F7 (Flyball, 78M)
Batting: RHB Jim Unknown 0-0: Called Strike
0-1: Called Strike
0-2: Foul Ball, location: 2F
0-2: Fly out, F8 (Flyball, 8LM)
Batting: SHB Jim Unknown 0-0: Foul Ball, location: 2F
0-1: Called Strike
0-2: Ball
1-2: Ball
2-2: Fly out, F7 (Flyball, 7LD)
Top of the 6th over - 0 run(s), 0 hit(s), 0 error(s), 0 left on base; Long Island 3 - Glendale 4
BOTTOM OF THE 6TH
Glendale Herons batting - Pitching for Long Island Seawolves : RHP Jim Unknown
Batting: LHB Sixto Álvarez 0-0: Swinging Strike
0-1: Ball
1-1: Ball
2-1: Ball
3-1: Swinging Strike
3-2: Strikes out looking
Batting: LHB José Rodríguez 0-0: Called Strike
0-1: Ground out 4-3 (Groundball, 34)
Batting: RHB Héctor Moreno 0-0: Swinging Strike
0-1: Ball
1-1: Ball
2-1: Fly out, F9 (Line Drive, 89S)
Bottom of the 6th over - 0 run(s), 0 hit(s), 0 error(s), 0 left on base; Long Island 3 - Glendale 4
TOP OF THE 7TH
Long Island Seawolves batting - Pitching for Glendale Herons : RHP Jesús López
Batting: SHB Terry Conley 0-0: Foul Ball, location: 2F
0-1: Ball
1-1: Fly out, F7 (Flyball, 78M)
Batting: LHB Jim Unknown 0-0: Called Strike
0-1: Ball
1-1: Called Strike
1-2: Ball
2-2: DOUBLE (Line Drive, 9LM)
Pitching: RHP Luis Oliva
Batting: RHB Jim Unknown 0-0: Ball
1-0: Called Strike
1-1: Called Strike
1-2: Ball
2-2: Ball
3-2: Foul Ball, location: 2F
3-2: SINGLE (Groundball, 56)
Jim Unknown to third
Runner from 3rd tries for Home, SAFE, throw made home
Batting: RHB Jim Unknown 0-0: Foul Ball, location: 2F
0-1: Ground out 5-3 (Groundball, 6S)
Jim Unknown to second
Batting: RHB David Morales 0-0: Ball
1-0: Called Strike
1-1: Swinging Strike
1-2: Ball
2-2: Ball
3-2: 2-RUN HOME RUN (Flyball, 8RXD), Distance : 435 ft
Batting: RHB Francisco García 0-0: Ball
1-0: Called Strike
1-1: Foul Ball, location: 2F
1-2: Ball
2-2: SINGLE (Groundball, 4M)
Batting: RHB Roy Clay 0-0: Called Strike
0-1: Ball
1-1: Swinging Strike
1-2: Ball
2-2: Ball
3-2: Strikes out swinging
Top of the 7th over - 3 run(s), 4 hit(s), 0 error(s), 1 left on base; Long Island 6 - Glendale 4
BOTTOM OF THE 7TH
Glendale Herons batting - Pitching for Long Island Seawolves : RHP Jim Unknown
Batting: RHB José Mata 0-0: Ground out 6-3 (Groundball, 56)
Batting: SHB Wilbert Carter 0-0: Called Strike
0-1: Ball
1-1: Fly out, F8 (Flyball, 8LM)
Batting: LHB Pedro Rodríguez 0-0: SINGLE (Line Drive, 34D)
Batting: RHB Ángel Ruezga 0-0: Foul Ball, location: 2F
0-1: Called Strike
0-2: Strikes out swinging
Bottom of the 7th over - 0 run(s), 1 hit(s), 0 error(s), 1 left on base; Long Island 6 - Glendale 4
TOP OF THE 8TH
Long Island Seawolves batting - Pitching for Glendale Herons : RHP Luis Oliva
Batting: RHB Jim Unknown 0-0: Ball
1-0: Ball
2-0: Called Strike
2-1: Foul Ball, location: 2F
2-2: Fly out, F4 (Popup, 3DF)
Batting: SHB Jim Unknown 0-0: Ball
1-0: Foul Ball, location: 2F
1-1: Foul Ball, location: 2F
1-2: Ground out 1-3 (Groundball, 15S)
Pitching: LHP Doug Robinson
Batting: SHB Terry Conley 0-0: Ball
1-0: SINGLE (Groundball, 6MD) (infield hit)
Batting: LHB Jim Unknown 0-0: Called Strike
0-1: Called Strike
0-2: Ball
Terry Conley steals 2nd base
1-2: Ground out 4-3 (Groundball, 4)
Top of the 8th over - 0 run(s), 1 hit(s), 0 error(s), 1 left on base; Long Island 6 - Glendale 4
BOTTOM OF THE 8TH
Glendale Herons batting - Pitching for Long Island Seawolves : RHP Jim Unknown
Batting: LHB Chris McKinney 0-0: Ball
1-0: Ground out 4-3 (Groundball, 4)
Batting: RHB Sake van Arem 0-0: Called Strike
0-1: Ball
1-1: Swinging Strike
1-2: Ball
2-2: Ground out 4-3 (Groundball, 4M)
Batting: LHB Sixto Álvarez 0-0: Foul Ball, location: 2F
0-1: Ball
1-1: Ball
2-1: Ball
3-1: SINGLE (Groundball, 34D)
Batting: LHB José Rodríguez 0-0: Called Strike
0-1: Swinging Strike
0-2: Strikes out swinging
Bottom of the 8th over - 0 run(s), 1 hit(s), 0 error(s), 1 left on base; Long Island 6 - Glendale 4
TOP OF THE 9TH
Long Island Seawolves batting - Pitching for Glendale Herons : LHP Doug Robinson
Batting: RHB Jim Unknown 0-0: Ball
1-0: Called Strike
1-1: Ball
2-1: Ground out 4-3 (Groundball, 4)
Batting: RHB Jim Unknown 0-0: Ball
1-0: Ball
2-0: Ball
3-0: Called Strike
3-1: SINGLE (Flyball, 9LS)
Batting: RHB David Morales 0-0: Foul Ball, location: 2F
0-1: Ball
1-1: Ground out 5-3 (Groundball, 5S)
Jim Unknown to second
Batting: RHB Francisco García 0-0: Called Strike
0-1: Foul Ball, location: 2F
0-2: Ball
1-2: Foul Ball, location: 2F
1-2: Foul Ball, location: 2F
1-2: Ball
2-2: Ball
3-2: Foul Ball, location: 2F
3-2: Fly out, F9 (Flyball, 9M)
Top of the 9th over - 0 run(s), 1 hit(s), 0 error(s), 1 left on base; Long Island 6 - Glendale 4
BOTTOM OF THE 9TH
Glendale Herons batting - Pitching for Long Island Seawolves : RHP Jim Unknown
Batting: RHB Héctor Moreno 0-0: Ball
1-0: Ball
2-0: Ball
3-0: Swinging Strike
3-1: Foul Ball, location: 2F
3-2: Strikes out swinging
Batting: RHB José Mata 0-0: Ball
1-0: Foul Ball, location: 2F
1-1: Called Strike
1-2: Foul Ball, location: 2F
1-2: Foul Ball, location: 2F
1-2: Ball
2-2: Ground out 6-3 (Groundball, 6)
Batting: SHB Wilbert Carter 0-0: Ball
1-0: TRIPLE (Line Drive, 9LS)
Pitching: RHP Jim Unknown
Pinch Hitting: LHB Jim Unknown 0-0: Called Strike
0-1: Foul Ball, location: 2F
0-2: Ball
1-2: Ball
2-2: Strikes out swinging
Bottom of the 9th over - 0 run(s), 1 hit(s), 0 error(s), 1 left on base; Long Island 6 - Glendale 4
This league is powered by Out of the Park Baseball, the baseball management simulation game for PC, Mac and Linux
Friday, January 22nd, 2016 - OOTP Baseball 16.9 Build 39